 Dungeon Crawl Stone Soup version 0.30-a0-1053-gbd8d5ba0ad (webtiles) character file.

Game seed: 10733576384915422989

4 GigaChad the Shield-Bearer (level 1, 6/27 HPs)
             Began as a Formicid Fighter on Apr 11, 2023.
             Quit the game on level 1 of the Dungeon.
             The game lasted 00:00:38 (58 turns).

GigaChad the Shield-Bearer (Formicid Fighter)         Turns: 58, Time: 00:00:38

Health: 6/27       AC: 20    Str: 20    XL:     1   Next: 66%
Magic:  1/1        EV:  2    Int:  7    God:
Gold:   7          SH:  5    Dex: 13    Spells: 0/0 levels left

rFire   . . .      SeeInvis .    a - +0 war axe
rCold   . . .      Faith    .    c - +0 buckler
rNeg    . . .      Spirit   .    b - melded +0 scale mail
rPois   +          Reflect  .    (helmet unavailable)
rElec   .          Rampage  .    (cloak currently unavailable)
rCorr   .                        (gloves currently unavailable)
Will    .....                    (boots currently unavailable)
Stlth   +                        (no amulet)
HPRegen 0.24/turn                (no ring)
MPRegen 0.07/turn                (no ring)

@: lethally poisoned (6 -> -3), tree-form
A: stationary, stasis, torment immunity, boosted hp, permanent stasis, dig
shafts and tunnels, (antennae 3), four strong arms
a: no special abilities


You were on level 1 of the Dungeon.
You were a tree.
You visited 1 branch of the dungeon, and saw 1 of its levels.

You collected 7 gold pieces.

Inventory:

Hand Weapons
 a - a +0 war axe (weapon)
Armour
 b - a +0 scale mail (melded)
 c - a +0 buckler (worn)
Potions
 d - a potion of might


   Skills:
 + Level 3.3 Fighting
 + Level 2.0 Axes
 + Level 3.3 Armour
 + Level 4.1 Shields


You couldn't memorise any spells.
You didn't know any spells.
Your spell library was empty.

Dungeon Overview and Level Annotations

Branches:
Dungeon (1/15)

Altars:

Annotations:
D:1 1 transporter


Innate Abilities, Weirdness & Mutations

You are a tree.
Your roots penetrate the ground, keeping you stationary.
You cannot be teleported.
You are immune to unholy pain and torment.
Your maximum health is greatly increased.
Your equipment is partially melded.
You cannot be hasted, slowed, berserked, paralysed or teleported.
You can dig through walls and to a lower floor.
((You have a pair of large antennae on your head. (SInv)))
Your four strong arms can wield two-handed weapons with a shield.


Message History

There is a lethal amount of poison in your body!
You are too injured to fight recklessly!
There is a lethal amount of poison in your body!
You are too injured to fight recklessly!
There is a lethal amount of poison in your body!
It was a potion of lignification.
You turn into a tree.
Your +0 scale mail melds into your body.
Your roots penetrate the ground.
* * * LOW HITPOINT WARNING * * *
You feel very sick.
You cannot move.
There is a lethal amount of poison in your body!
There is a lethal amount of poison in your body!
There is a lethal amount of poison in your body!
You cannot move.
You cannot move.
You cannot move.
You cannot move.
You cannot move.
You cannot move.
You cannot move.
You cannot move.
You cannot move.
You cannot move.
You cannot move.
You cannot move.
You cannot move.
You cannot move.
You cannot move.
You cannot move.
There is a lethal amount of poison in your body!
There is a lethal amount of poison in your body!
There is a lethal amount of poison in your body!
There is a lethal amount of poison in your body!
There is a lethal amount of poison in your body!
As you read the scroll labelled XUV PICRIA, it crumbles to dust.
You feel a strange sense of stasis.
It was a scroll of teleportation.
* * * LOW HITPOINT WARNING * * *
You feel very sick.
Are you sure you want to abandon this character and quit the game? (Confirm with "yes".)

#...............# .#.#
...###.#.#...†#.##.#[##
.# #.#.##.............
..#<###...........##.
.##.#©##......#.......
. #.#########..........
## #######...#....#
...##©.....#....##.
....##......♣.......
#.. .##.......)..###.
... .#.$..#.##...#
##...#.# ...# #......
..... #####.# .###.#
#.# .# .# #. .. .


There were no monsters in sight!

Vanquished Creatures
  An endoplasm (D:1)
  A goblin (D:1)
  A ball python (D:1)
  A rat (D:1)
4 creatures vanquished.

Notes
Turn   | Place    | Note
-------+----------+-------------------------------------------
     0 | D:1      | GigaChad the Formicid Fighter began the quest for the Orb.
     0 | D:1      | Reached XP level 1. HP: 18/18 MP: 1/1
    58 | D:1      | Quit the game

Illustrated notes

Levels and vault maps discovered:
D:1:      spicycebolla_arrival_risky_transporter, layout_basic,
          chequers_serial_rivers_small_a, minmay_misc_feat_chi,
          nicolae_grassy_gnolls

Action                     || total
---------------------------++-------
  Melee: War axe           ||     8
    Use: Scroll            ||     1
         Potion            ||     1
 Armour: Scale mail        ||     1
  Dodge: Dodged            ||     3
  Block: Buckler           ||     1

Table legend: (Time is in decaauts)
 A = Elapsed time spent in this place.
 B = Non-inter-level travel time spent in this place.
 C = Inter-level travel time spent in this place.
 D = Time resting spent in this place.
 E = Time spent auto-exploring this place.
 F = Levels seen in this place.
 G = Mean time per level.
                   A        B        C        D        E       F      G
               +--------+--------+--------+--------+--------+-----+--------+
         Total |     61 |     61 |      0 |      0 |     31 |   1 |   61.0 |
       Dungeon |     61 |     61 |      0 |      0 |     31 |   1 |   61.0 |
               +--------+--------+--------+--------+--------+-----+--------+

Top non-repeatable levels by time:
     D:1: 61 daAuts
